 Dungeon Crawl Stone Soup version 0.31-a0-702-gf82c85558f (webtiles) character file.

Game seed: 8216708296096595410

62 qw the Shooter (level 4, -2/28 HPs)
             Began as a Gargoyle Hunter on Sept 8, 2023.
             Slain by Grinder (4 damage)
             ... on level 3 of the Dungeon.
             The game lasted 00:00:35 (1379 turns).

qw the Shooter (Gargoyle Hunter)                    Turns: 1379, Time: 00:00:35

Health: -2/28      AC:  8    Str: 15    XL:     4   Next: 8%
Magic:  4/4        EV: 11    Int:  9    God:
Gold:   193        SH:  0    Dex: 15    Spells: 3/3 levels left

rFire   . . .        Y - +0 shortbow
rCold   + . .        (shield currently unavailable)
rNeg    + . .        f - +0 ring mail
rPois   inf          (no helmet)
rElec   +            (no cloak)
rCorr   .            (no gloves)
SInv    .            (no boots)
Will    .....        (no amulet)
Stlth   +            a - ring of protection from cold
HPRegen 0.24/turn    (no ring)
MPRegen 0.09/turn

%: no passive effects
@: no status effects
A: sickness immunity, AC +3, negative energy resistance 1, electricity
resistance, torment resistance 1, petrification resistance, mutation resistance
1
a: no special abilities


You were on level 3 of the Dungeon.
You visited 1 branch of the dungeon, and saw 3 of its levels.

You collected 193 gold pieces.


Innate Abilities, Weirdness & Mutations

You are immune to sickness and miasma.
Your stone body is resilient. (AC +3)
You are immune to poison.
You resist negative energy. (rN+)
You are resistant to electric shocks. (rElec)
You are resistant to unholy torment.
You are immune to petrification.
You are somewhat resistant to further mutation.


   Skills:
 - Level 3.0 Fighting
 + Level 5.0 Ranged Weapons
 - Level 1.1 Armour
 - Level 1.5 Dodging
 - Level 1.1 Stealth


You had 3 spell levels left.
You didn't know any spells.
Your spell library was empty.

Inventory:

Hand Weapons
 Y - a +0 shortbow (weapon)
Armour
 f - a +0 ring mail (worn)
Jewellery
 a - a ring of protection from cold (left hand)
Potions
 b - a potion of mutation
 c - a potion of might {unknown}
 d - a potion of lignification {unknown}
 e - a potion of haste

Dungeon Overview and Level Annotations

Branches:
Dungeon (3/15)

Altars:

Annotations:
D:3 Grinder


Message History

You shoot an arrow. The arrow barely misses Grinder.
You shoot an arrow.
The arrow hits Grinder but does no damage.
Grinder is lightly wounded.
Grinder gestures at you.
You suddenly lose the ability to move!
Grinder gestures at you. You resist with significant effort. Grinder hits you.
You writhe in agony.
You can move again.
You shoot an arrow. The arrow closely misses Grinder.
Grinder says, "I used to sell toenails on the black market."
Grinder hits you.
You shoot an arrow. The arrow closely misses Grinder.
Grinder barely misses you. Grinder hits you.
You writhe in agony.
You shoot an arrow.
The arrow hits Grinder but does no damage.
Grinder is lightly wounded.
Grinder says, "Just stop there for a second..."
Grinder hits you but does no damage.
You shoot an arrow. The arrow hits Grinder.
Grinder is lightly wounded.
Grinder hits you!
You writhe in agony.
You shoot an arrow. The arrow hits Grinder.
Grinder is moderately wounded.
Grinder gestures at you. Pain shoots through your body!
You shoot an arrow. The arrow hits Grinder!
Grinder is heavily wounded.
Grinder closely misses you. Grinder gestures at you.
You suddenly lose the ability to move!
Grinder blinks!
Grinder hits you!
You can move again.
You shoot an arrow. The arrow hits Grinder.
Grinder is heavily wounded.
Grinder hits you.
You die...
Grinder says, "Now the real fun starts!"

####### #....(# ###### #
#.....######....# ##.
#............##.# ....
#.....#########.# .....
##...............#
......#.......#.......##
.......@5.......#......#
........#...#...#......#
.......................#
...#....)...............
.. #.#.##....#.##.......
. ...#. #...............
.. #.##.........##....
..> .[...........##....
.#...........#####


You could see Grinder.

Vanquished Creatures
  An adder (D:3)
  2 dart slugs (D:2)
  An orc (D:3)
  6 bats
  5 endoplasms
  A giant cockroach (D:2)
  2 goblins (D:1)
  3 hobgoblins
  6 jackals (D:2)
  7 ball pythons
  3 frilled lizards
  6 rats
43 creatures vanquished.

Notes
Turn   | Place    | Note
-------+----------+-------------------------------------------
     0 | D:1      | qw the Gargoyle Hunter began the quest for the Orb.
     0 | D:1      | Reached XP level 1. HP: 12/12 MP: 1/1
     0 | D:1      | 0 ||| qw: Version: 0.3-a-76-g4403597
     0 | D:1      | 0 ||| qw: Game counter: 1263
     0 | D:1      | 0 ||| qw: Melee chars always use a shield: true
     0 | D:1      | 0 ||| qw: God list: Okawaru
     0 | D:1      | 0 ||| qw: Allow faded altars: false
     0 | D:1      | 0 ||| qw: Do Orc after clearing Dungeon:15 true
     0 | D:1      | 0 ||| qw: Do second Lair branch before Depths: true
     0 | D:1      | 0 ||| qw: Lair rune preference: random
     0 | D:1      | 0 ||| qw: Goals: Normal
     0 | D:1      | 0 ||| PLANNING D:1-11
    73 | D:1      | Reached XP level 2. HP: 14/17 MP: 2/2
   255 | D:1      | You fall into a shaft and drop 1 floor!
   315 | D:2      | 315 ||| UPGRADING to +0 ring mail.
   325 | D:2      | 325 ||| DROPPING +0 leather armour.
   326 | D:2      | 326 ||| READING scroll labelled CUZXAEC FEUTU.
   327 | D:2      | 327 ||| READING scroll labelled BOSTONLUATS.
   328 | D:2      | 328 ||| DROPPING scroll of butterflies.
   376 | D:1      | Found a faded altar of an unknown god.
   453 | D:1      | Reached XP level 3. HP: 21/21 MP: 3/3
   483 | D:1      | 483 ||| DRINKING 2 black potions.
   484 | D:1      | 484 ||| DROPPING potion of invisibility.
   501 | D:2      | Reached skill level 1 in Armour
   673 | D:2      | Reached skill level 5 in Ranged Weapons
  1155 | D:2      | 1155 ||| UPGRADING to ring of protection from cold.
  1156 | D:2      | 1156 ||| READING scroll labelled FUELOT ARGHE.
  1157 | D:2      | 1157 ||| DRINKING 3 inky potions.
  1157 | D:2      | Gained mutation: You are occasionally teleported next to
                  | monsters. [potion of mutation]
  1157 | D:2      | Gained mutation: You have large cloven feet. [potion of
                  | mutation]
  1158 | D:2      | 1158 ||| DRINKING 2 potions of mutation.
  1158 | D:2      | Lost mutation: You have large cloven feet. [potion of
                  | mutation]
  1158 | D:2      | Lost mutation: You are occasionally teleported next to
                  | monsters. [potion of mutation]
  1158 | D:2      | Gained mutation: You are somewhat resistant to further
                  | mutation. [potion of mutation]
  1159 | D:2      | 1159 ||| DRINKING 2 glowing green potions.
  1249 | D:3      | Reached skill level 3 in Fighting
  1249 | D:3      | Reached XP level 4. HP: 25/28 MP: 4/4
  1363 | D:3      | Noticed Grinder
  1368 | D:3      | Paralysed by Grinder for 3 turns
  1376 | D:3      | Paralysed by Grinder for 3 turns
  1378 | D:3      | HP: 2/28 [Grinder (8)]
  1379 | D:3      | Slain by Grinder

Levels and vault maps discovered:
D:1:      wander_arrival_peaceful_grave, layout_basic,
          ebering_ecumenical_altar_mist, minmay_misc_feat_columns
D:2:      layout_basic, wander_ebering_terrifying_dragon_lair
D:3:      layout_basic, uniq_grinder, uniq_sigmund

Skill      XL: |  1  2  3 |
---------------+----------+-----
Armour         | 1 |  1.1
Ranged Weapons | 5 |  5.0
Fighting       | 3 |  3.0
Dodging        | |  1.5
Stealth        | |  1.1

Action                     |  1- 3 |  4- 6 || total
---------------------------+-------+-------++-------
   Fire: Shortbow          |   106 |    13 ||   119
    Use: Scroll            |     3 |       ||     3
         Potion            |     4 |       ||     4
 Armour: Leather armour    |    13 |       ||    13
         Ring mail         |    14 |     7 ||    21
  Dodge: Dodged            |    19 |     2 ||    21

Table legend:
 A = Non-vault XP
 B = Vault XP
 C = Vault XP percentage of total XP
 D = Non-vault monster count
 E = Vault monster count
 F = Vault count percentage of total count
                 A         B        C        D         E       F
            +---------+---------+-------+---------+---------+-------
      Total |      88 |       1 |   1.1 |      42 |       1 |   2.3
            +---------+---------+-------+---------+---------+-------
        D:1 |      26 |       0 |   0.0 |      16 |       0 |   0.0
        D:2 |      42 |       1 |   2.3 |      22 |       1 |   4.3
        D:3 |      20 |       0 |   0.0 |       4 |       0 |   0.0
            +---------+---------+-------+---------+---------+-------
